 Dungeon Crawl Stone Soup version 0.25-a0-246-g58704a1ebd (webtiles) character file.

Game seed: 4270980233642421914, levelgen mode: deterministic

65 Gargoyl the Skirmisher (level 3, -1/31 HPs)
             Began as a Centaur Abyssal Knight on Dec 3, 2019.
             Was a Believer of Lugonu.
             Slain by a gnoll (3 damage)
             ... on level 4 of the Dungeon.
             The game lasted 00:07:00 (2351 turns).

Gargoyl the Skirmisher (Centaur Abyssal Knight)     Turns: 2351, Time: 00:07:01

Health: -1/31      AC:  8    Str: 14    XL:     3   Next: 94%
Magic:  4/4        EV:  6    Int: 11    God:    Lugonu [**....]
Gold:   143        SH:  2    Dex:  9    Spells: 2/2 levels left

rFire    + + .     SeeInvis .   a - +3 hand axe
rCold    x . .     Gourm    .   l - +0 buckler
rNeg     . . .     Faith    .   j - +1 fire dragon scales
rPois    .         Spirit   .   (no helmet)
rElec    .         Reflect  .   (no cloak)
rCorr    .         Harm     .   (no gloves)
MR       .....                  (no barding)
Stlth    ..........             (no amulet)
HPRegen  0.10/turn              (no ring)
MPRegen  0.09/turn              (no ring)

@: lethally poisoned (-1 -> -11), very quick
A: large, hooves 3, deformed body, speed 2, tough skin 3
a: Depart the Abyss, Bend Space, Renounce Religion


You were on level 4 of the Dungeon.
You worshipped Lugonu.
Lugonu was pleased with you.
You were not hungry.

You visited 1 branch of the dungeon, and saw 4 of its levels.
You visited the Abyss 1 time.

You collected 143 gold pieces.

Inventory:

Hand Weapons
 a - a +3 hand axe (weapon)
Armour
 j - +1 fire dragon scales (worn)
 l - a +0 buckler (worn)
Scrolls
 d - a scroll of teleportation
 e - a scroll of identify
 f - a scroll of remove curse
Potions
 h - 2 potions of heal wounds
 k - a potion of might
 m - a potion of curing
 n - a potion of invisibility {unknown}
Comestibles
 c - 4 rations


   Skills:
 + Level 3.5 Fighting
 + Level 2.3 Axes
 * Level 1.8 Armour
 * Level 1.1 Dodging
 * Level 2.6 Invocations


You had 2 spell levels left.
You didn't know any spells.
Your spell library was empty.

Dungeon Overview and Level Annotations

Branches:
Dungeon (4/15)
 Temple: D:4-7

Altars:

Portals:
Sewer: D:3


Innate Abilities, Weirdness & Mutations

You have hooves in place of feet.
Armour fits poorly on your strangely shaped body.
You cover ground very quickly.
You have extremely tough skin. (AC +3)


Message History

Unknown command.
You hit the adder.
The adder is almost dead.
You hit the gnoll. You closely miss the adder. You hit the gnoll.
The adder bites you but does no damage. You block the gnoll's attack.
The adder bites you but does no damage.
The gnoll hits you with a +1 flail of crushing!
* * * LOW HITPOINT WARNING * * *
The adder barely misses you. You block the gnoll's attack.
You hit the adder but do no damage.
The adder is almost dead.
You closely miss the gnoll. You hit the adder. You closely miss the gnoll.
You feel sick. The adder bites you but does no damage. The adder bites you.
* * * LOW HITPOINT WARNING * * *
You are lethally poisoned!
The adder poisons you!
The gnoll hits you with a +1 flail of crushing.
* * * LOW HITPOINT WARNING * * *
x2 The gnoll hits you.
You die...

..
###.
...#
...
### ..
.. #.
.#
#S#g#
#.@#
#gS#
#...#
#.#..
#.#..
#.##.#
. .. #
.#


You could see 2 gnolls and 2 adders.

Vanquished Creatures
  An ooze (D:1)
  2 dart slugs
  2 ball pythons
  4 giant cockroaches
  3 goblins
  8 hobgoblins
  8 jackals
  9 kobolds
  3 quokkas (D:2)
  3 bats
  A frilled lizard (D:1)
  7 rats (D:1)
51 creatures vanquished.

Notes
Turn   | Place    | Note
-------+----------+-------------------------------------------
     0 | Abyss:1  | Gargoyl the Centaur Abyssal Knight began the quest for the
                  | Orb.
     0 | Abyss:1  | Reached XP level 1. HP: 19/19 MP: 2/2
     5 | Abyss:2  | Found a transporter.
     7 | Abyss:2  | Noticed a wretched star
     7 | Abyss:2  | Noticed a tentacled starspawn
     8 | Abyss:2  | Noticed a chaos spawn
     8 | Abyss:2  | Noticed a tentacled starspawn
     9 | Abyss:2  | Found a corrupted altar of Lugonu.
     9 | Abyss:2  | Noticed a quasit
     9 | Abyss:2  | Noticed an ancient zyme
    10 | Abyss:2  | Found a transporter.
    10 | Abyss:2  | Noticed an ancient zyme
    10 | Abyss:2  | Noticed a thrashing horror
    11 | Abyss:2  | Noticed a ynoxinul
    76 | Abyss:2  | Noticed a sixfirhy
    77 | D:1      | Escaped the Abyss
   351 | D:1      | Reached * piety under Lugonu
   440 | D:1      | Reached XP level 2. HP: 23/26 MP: 3/3
   604 | D:1      | Reached skill level 1 in Dodging
   611 | D:1      | Reached XP level 3. HP: 29/31 MP: 4/4
  1317 | D:2      | Reached ** piety under Lugonu
  2053 | D:3      | Found a glowing drain.
  2351 | D:4      | Slain by a gnoll

Levels and vault maps discovered:
D:1:      onia_arrival_larder, layout_basic
D:2:      layout_basic
D:3:      minmay_wonky_spiral, layout_loops_ring, gup_sewer_entry_glass
D:4:      layout_basic, uniq_menkaure, uniq_grinder

Skill      XL: |  1  2 |
---------------+-------+-----
Axes           | 2 |  2.3
Dodging        | 1 |  1.1
Fighting       | |  3.5
Armour         | |  1.8
Invocations    | |  2.6

Action                   || total
-------------------------++-------
Melee: Hand axe          ||   117
       Kick              ||    17
Invok: Depart the Abyss  ||     1
       Bend Space        ||     1
  Use: Scroll            ||    11
  Eat: Chunk             ||     3
Armor: Leather armour    ||    26
       Fire dragon scale ||    27
       Skin              ||     2
Dodge: Dodged            ||    68
Block: Buckler           ||     5

Table legend:
 A = Non-vault XP
 B = Vault XP
 C = Vault XP percentage of total XP
 D = Non-vault monster count
 E = Vault monster count
 F = Vault count percentage of total count
                 A         B        C        D         E       F
            +---------+---------+-------+---------+---------+-------
      Total |      88 |       6 |   6.4 |      46 |       5 |   9.8
            +---------+---------+-------+---------+---------+-------
        D:1 |      49 |       6 |  10.9 |      26 |       5 |  16.1
        D:2 |      37 |       0 |   0.0 |      19 |       0 |   0.0
        D:3 |       2 |       0 |   0.0 |       1 |       0 |   0.0
            +---------+---------+-------+---------+---------+-------
